 Dungeon Crawl Stone Soup version 0.21-a0-531-gacddea6133 (webtiles) character file.

202 RKaid the Scratcher (level 5, 0/23 HPs)
             Began as a Felid Transmuter on Dec 13, 2017.
             Was an Initiate of Wu Jian.
             Slain by an orc wizard
             ... wielding a +0 dagger
              (3 damage)
             ... on level 4 of the Dungeon.
             The game lasted 00:15:04 (5568 turns).

RKaid the Scratcher (Felid Transmuter)              Turns: 5568, Time: 00:15:05

Health: 0/23       AC:  1    Str:  6    XL:     5   Next: 50%
Magic:  9/10       EV: 18    Int: 15    God:    Wu Jian [......]
Gold:   135        SH:  0    Dex: 17    Spells: 4/10 levels left
                                        Lives:  0   Deaths: 1

rFire    . . .     SeeInvis +     - Unarmed
rCold    . . .     Gourm    .   (shield unavailable)
rNeg     . . .     Faith    .   (armour unavailable)
rPois    .         Spirit   .   (helmet unavailable)
rElec    .         Reflect  .   (cloak unavailable)
rCorr    .         Harm     .   (gloves unavailable)
MR       .....                  (boots unavailable)
Stlth    ++........             (no amulet)
HPRegen  0.07/turn              (no ring)
MPRegen  0.12/turn              (no ring)

@: appendage, quick
A: very small, no armour, no weapons or thrown items, stealth, claws 1, fangs 3,
horns 2, see invisible, carnivore 3, speed 1, shaggy fur 1, slow metabolism 1,
sharp paws
a: End Transformation, Renounce Religion


You were on level 4 of the Dungeon.
You worshipped Wu Jian.
Wu Jian was noncommittal.
You were very full.
You had grown temporary horns.
You visited 1 branch of the dungeon, and saw 4 of its levels.

You collected 135 gold pieces.

Inventory:

Missiles
 a - 12 arrows
Wands
 k - a wand of polymorph (19)
   (You found it on level 3 of the Dungeon)
Scrolls
 e - a scroll of fog {unknown}
 h - a scroll of remove curse {unknown}
 l - a scroll of enchant armour {unknown}
 m - a scroll of random uselessness {unknown}
 o - a scroll of fear {unknown}
 t - 2 scrolls of teleportation
Potions
 c - a potion of curing
 d - a potion of haste
 f - a potion of mutation {unknown}
 i - a potion of resistance {unknown}
Books
 b - a book of Changes
Comestibles
 g - 3 royal jellies
 n - 3 meat rations


   Skills:
 + Level 2.4 Fighting
 - Level 2.6 Dodging
 * Level 4.6 Unarmed Combat
 + Level 3.0 Spellcasting
 * Level 4.4 Transmutations


You had 4 spell levels left.
You knew the following spells:

 Your Spells              Type           Power        Failure   Level  Hunger
a - Beastly Appendage     Tmut           ###...       3%          1    #......
b - Sticks to Snakes      Tmut           ###.....     4%          2    ##.....
c - Spider Form           Tmut/Pois      #.........   24%         3    ###....


Dungeon Overview and Level Annotations

Branches:
Dungeon (4/15)
 Temple: D:4-7

Altars:
Elyvilon
Wu Jian


Innate Abilities, Weirdness & Mutations

You cannot wear armour.
You are incapable of wielding weapons or throwing items.
Your paws allow you to move quietly. (Stealth)
You have sharp claws.
You have razor-sharp teeth.
You have supernaturally acute eyesight. (SInv)
You are carnivorous and can eat meat at any time.
You cover ground quickly.
You are covered in fur. (AC +1)
You have a slow metabolism.
Your sharp claws are effective at attacking unaware monsters.
You have a pair of horns on your head.


Message History

You start resting.
Your horns disappear.
Some of the chunks of flesh in your inventory have rotted away.
You start resting.
Some of the chunks of flesh in your inventory have rotted away.
Eating a chunk of flesh.
You eat the chunk of flesh.
This raw flesh tastes great.
You start waiting.
You can no longer perform spinning attacks.
There is a stone staircase leading up here.
There is a stone staircase leading down here.
Casting: Beastly Appendage
Confirm with . or Enter, or press ? or * to list all spells.
You grow a pair of large bovine horns.
Your transformation is almost over.
You climb downwards.
The orc misses you.
There is a stone staircase leading up here.
The orc misses you.
You climb upwards.
There is a stone staircase leading down here.
Your horns disappear.
You lunge at the orc.
You scratch the orc. The orc misses you.
You claw the orc!
You kill the orc!
The Council accepts your kill.
There is a stone staircase leading down here.
Casting: Beastly Appendage
Confirm with . or Enter, or press ? or * to list all spells.
You grow a pair of large bovine horns.
You climb downwards.
The orc closely misses you. The orc barely misses you.
There is a stone staircase leading up here.
The orc completely misses you.
You scratch the orc. You scratch the orc but do no damage.
Your headbutt misses the orc. The orc misses you.
You barely miss the orc. You headbutt the orc. The orc misses you.
You scratch the orc. Your headbutt misses the orc. You claw the orc.
You kill the orc!
The Council accepts your kill.
Your transformation is almost over.
Things that are here:
a flail of crushing; a scale mail The orc wizard shouts!
The orc wizard is too close now for your liking.
The orc wizard gestures at you while chanting.
You are confused.
Okay, then.
You're too confused to move!
You feel less confused.
Your horns disappear.
Casting: Beastly Appendage
Confirm with . or Enter, or press ? or * to list all spells.
You miscast Beastly Appendage.
You are very lightly contaminated with residual magic.
Nothing appears to happen.
Casting: Beastly Appendage
Confirm with . or Enter, or press ? or * to list all spells.
You grow a pair of large bovine horns.
The orc wizard casts a spell at you. The puff of flame hits you!
You lunge at the orc wizard.
You miss the orc wizard. The orc wizard hits you with a dagger.
You scratch the orc wizard. The orc wizard closely misses you.
You scratch the orc wizard. You scratch the orc wizard.
The orc wizard closely misses you.
You closely miss the orc wizard. You headbutt the orc wizard.
The orc wizard barely misses you.
You scratch the orc wizard. The orc wizard hits you with a dagger.
You scratch the orc wizard but do no damage.
You bite the orc wizard. The orc wizard hits you with a dagger.
* * * LOW HITPOINT WARNING * * *
You miss the orc wizard. The orc wizard barely misses you.
You scratch the orc wizard. The orc wizard hits you with a dagger.
* * * LOW HITPOINT WARNING * * *
There is a stone staircase leading up here.
The orc wizard gestures at you while chanting.
You easily resist.
You climb upwards.
There is a stone staircase leading down here.
You start resting.
Your transformation is almost over.
Your magical contamination has completely faded away.
You start resting.
Your horns disappear.
You start resting.
Casting: Beastly Appendage
Confirm with . or Enter, or press ? or * to list all spells.
You grow a pair of large bovine horns.
You climb downwards.
The orc wizard gestures at you while chanting.
The magic dart hits you!
There is a stone staircase leading up here.
The orc wizard casts a spell at you. The magic dart hits you!
The orc wizard casts a spell at you. The magic dart hits you!
* * * LOW HITPOINT WARNING * * *
You lunge at the orc wizard.
You barely miss the orc wizard. You scratch the orc wizard.
The orc wizard hits you with a dagger.
You die...

#.....#
#.#.# #.#.#.
#.....#
#.#.###.#.#.
#.#.#.#
#.........#.
#.#.#o#
###.###.###.
#.#.#.# #.#
#.# #.
#.#.#.#
#.###.#
#.....#
#.....#
#.#o###
#.#####
###@.<# #.#
#.#..## #.#
#.[..# #.#
###### #.#
#.# #.


You could see an orc wizard.

Vanquished Creatures
  3 orc wizards
  Natasha (twice) (D:2)
  A hound skeleton (D:4)
  3 adders
  An adder skeleton (D:4)
  4 worms
  7 dart slugs (D:3)
  4 leopard geckos
  4 orcs
  2 ball pythons
  5 bats
  3 giant cockroaches (D:2)
  9 goblins
  4 hobgoblins
  3 jackals (D:4)
  2 quokkas
  4 frilled lizards
  6 kobolds
  A leopard gecko skeleton (D:4)
  6 rats
  A toadstool (D:1)
75 creatures vanquished.

Vanquished Creatures (collateral kills)
  3 adders
3 creatures vanquished.

Vanquished Creatures (others)
  3 toadstools (D:1)
3 creatures vanquished.

Grand Total: 81 creatures vanquished

Notes
Turn   | Place    | Note
-------+----------+-------------------------------------------
     0 | D:1      | RKaid the Felid Transmuter began the quest for the Orb.
     0 | D:1      | Reached XP level 1. HP: 9/9 MP: 4/4
   252 | D:1      | Reached XP level 2. HP: 12/12 MP: 4/6
  1051 | D:2      | Learned a level 2 spell: Sticks to Snakes
  1244 | D:2      | Reached XP level 3. HP: 15/15 MP: 5/7
  1317 | D:2      | Reached skill level 3 in Transmutations
  2047 | D:2      | Noticed Natasha
  2328 | D:1      | Learned a level 3 spell: Spider Form
  2404 | D:2      | Killed Natasha
  2404 | D:2      | Reached XP level 4. HP: 6/19 MP: 4/8
  2559 | D:2      | Noticed Natasha
  2842 | D:2      | HP: 1/19 [Natasha (9)]
  2843 | D:2      | Killed Natasha
  2843 | D:2      | Reached skill level 4 in Unarmed Combat
  3158 | D:3      | Found a white marble altar of Elyvilon.
  3206 | D:3      | Found an ornate altar of the Wu Jian Council.
  3219 | D:3      | Became a worshipper of the Wu Jian Council
  3244 | D:3      | Reached skill level 2 in Fighting
  3374 | D:3      | Reached XP level 5. HP: 22/22 MP: 9/9
  3647 | D:3      | Found a faded altar of an unknown god.
  3935 | D:4      | Reached skill level 4 in Transmutations
  4151 | D:4      | HP: 5/22 [orc wizard/magic dart (8)]
  4152 | D:4      | Killed from afar by an orc wizard
  4153 | D:4      | Reached XP level 4. HP: -4/19 MP: 9/9
  4533 | D:4      | Reached XP level 5. HP: 18/22 MP: 8/10
  4537 | D:4      | Reached * piety under Wu Jian
  4627 | D:4      | Reached skill level 3 in Spellcasting
  5257 | D:4      | HP: 4/23 [orc wizard/dagger (4)]
  5259 | D:4      | HP: 1/23 [orc wizard/dagger (3)]
  5566 | D:4      | HP: 3/23 [orc wizard/magic dart (5)]
  5568 | D:4      | Slain by an orc wizard

Vault maps used:
D:1:      ldierk_water_garden, serial_curves, eino_curves_03, eino_curves_03,
          hex_intersection, minivault_4
D:2:      uniq_natasha
D:3:      kennysheep_slugbush, elyvilon_altar_4, overflow_temple_1_default,
          chequers_ecumenical_altar_twisty
D:4:      kennysheep_spiral_hall

Skill      XL: |  1  2  3  4  5 |
---------------+----------------+-----
Transmutations | 3 4 |  4.4
Unarmed Combat | 4 |  4.6
Fighting       | 2 |  2.4
Spellcasting   | 3 |  3.0
Dodging        | |  2.6

Action                   |  1- 3 |  4- 6 || total
-------------------------+-------+-------++-------
Melee: Unarmed           |    82 |   140 ||   222
       Headbutt          |     9 |    19 ||    28
       Bite              |     2 |    16 ||    18
       Punch             |       |     4 ||     4
 Cast: Beastly Appendage |    22 |    25 ||    47
       Sticks to Snakes  |     8 |     4 ||    12
       Spider Form       |     1 |     1 ||     2
  Use: Scroll            |       |     3 ||     3
 Stab: Sleeping          |     4 |     3 ||     7
  Eat: Chunk             |    10 |    13 ||    23
Armor: Skin              |     4 |     4 ||     8
Dodge: Dodged            |    64 |    88 ||   152

Table legend:
 A = Spawn XP
 B = Non-spawn XP
 C = Spawn XP percentage of total XP
 D = Spawn monster count
 E = Non-spawn monster count
 F = Spawn count percentage of total count
 G = Total turns spent on level
                    A         B        C        D         E        F      G
               +---------+---------+-------+---------+---------+-------+---------
         Total |       0 |     422 |   0.0 |       0 |      77 |   0.0 |  5568
               +---------+---------+-------+---------+---------+-------+---------
           D:1 |       0 |      41 |   0.0 |       0 |      19 |   0.0 |  2019
           D:2 |       0 |     132 |   0.0 |       0 |      22 |   0.0 |  1126
           D:3 |       0 |     103 |   0.0 |       0 |      21 |   0.0 |  1315
           D:4 |       0 |     146 |   0.0 |       0 |      15 |   0.0 |  1108
               +---------+---------+-------+---------+---------+-------+---------

Table legend:
 A = Turns spent in this place as a percentage of turns spent in the entire game.
 B = Non-inter-level travel turns spent in this place as a percentage of non-inter-level travel turns spent in the entire game.
 C = Inter-level travel turns spent in this place as a percentage of turns spent in this place.
 D = Turns resting spent in this place as a percentage of non-inter-level travel turns spent in this place.
 E = Turns spent auto-exploring this place as a percentage of non-inter-level travel turns spent in this place.
 F = Non-inter-level travel turns spent in this place divided by the number of levels of this place that you've seen.
                   A       B       C       D       E      F
               +-------+-------+-------+-------+-------+----------------------
         Total | 100.0 | 100.0 |   4.4 |  49.4 |  24.7 | 1331.0
       Dungeon | 100.0 | 100.0 |   4.4 |  49.4 |  24.7 | 1331.0
               +-------+-------+-------+-------+-------+----------------------

Table legend:
 A = Kills in this place as a percentage of kills in entire the game.
 B = Kills by you in this place as a percentage of kills by you in the entire game.
 C = Kills by friends in this place as a percentage of kills by friends in the entire game.
 D = Other kills in this place as a percentage of other kills in the entire game.
 E = Experience gained in this place as a percentage of experience gained in the entire game.
 F = Experience gained in this place divided by the number of levels of this place that you have seen.
                   A       B       C       D       E      F
               +-------+-------+-------+-------+-------+----------------------
         Total | 100.0 | 100.0 | 100.0 |   N/A | 100.0 | 105.5
       Dungeon | 100.0 | 100.0 | 100.0 |   N/A | 100.0 | 105.5
               +-------+-------+-------+-------+-------+----------------------
